Map: Deathaura LE

Players

MaxPax

  • Race: Protoss Protoss
  • Spawn Location: 5:00

Rogue - Winner!

  • Race: Zerg Zerg
  • Spawn Location: 11:00

Event: ASUS ROG Online 2020

VOD

Have the link to the VOD?

Description

Time

  • Played on: Nov. 27, 2020, 6:59 a.m.
  • Length: 9:21

All games in this series

Show
View Real Time Build Order
Export as new Build Order

MaxPax Protoss 

Build Orders: 1 Gate Expand, Phoenix Opening, Mass Phoenix, Zealot Archon 

Get SALT Encoding   

  12  0:01  Probe  
  13  0:13  Probe  
  14  0:18  Pylon  
  14  0:25  Probe  
  15  0:37  Gateway, Probe (Chrono Boost)  
  16  0:47  Assimilator, Probe (Chrono Boost)  
  17  0:52  Probe (Chrono Boost)  
  18  1:03  Probe (Chrono Boost)  
  19  1:13  Probe (Chrono Boost)  
  19  1:18  Probe (Chrono Boost)  
  20  1:25  Nexus  
  21  1:35  Cybernetics Core  
  21  1:38  Probe  
  22  1:42  Assimilator  
  22  1:50  Pylon  
  22  1:53  Probe  
  23  2:08  Probe (Chrono Boost)  
  24  2:11  Adept  
  24  2:15  Stargate  
  26  2:19  Probe (Chrono Boost)  
  26  2:22  Warp Gate  
  27  2:23  Probe (Chrono Boost)  
  29  2:37  Probe (Chrono Boost)  
  29  2:39  Probe (Chrono Boost)  
  29  2:42  Adept  
  32  2:46  Probe (Chrono Boost)  
  32  2:49  Probe (Chrono Boost)  
  34  2:51  Probe (Chrono Boost)  
  34  2:52  Assimilator  
  34  2:54  Void Ray (Chrono Boost)  
  35  2:58  Probe  
  35  3:03  Probe  
  41  3:11  Probe  
  42  3:15  Probe  
  43  3:23  Probe  
  43  3:24  Pylon, Stargate  
  44  3:28  Probe  
  44  3:34  Pylon  
  45  3:35  Probe  
  46  3:42  Phoenix (Chrono Boost), Adept, Probe  
  46  3:47  Probe  
  52  3:54  Assimilator, Probe  
  53  3:59  Probe  
  53  4:01  Phoenix (Chrono Boost)  
  56  4:06  Probe  
  56  4:08  Phoenix (Chrono Boost)  
  59  4:11  Probe  
  59  4:13  Gateway  
  62  4:26  Phoenix (Chrono Boost), Pylon  
  62  4:31  Pylon  
  62  4:38  Pylon  
  62  4:43  Phoenix (Chrono Boost)  
  62  4:44  Probe x2  
  62  4:45  Phoenix (Chrono Boost)  
  68  4:55  Adept  
  70  5:00  Probe  
  73  5:07  Phoenix (Chrono Boost)  
  73  5:11  Nexus  
  73  5:13  Phoenix (Chrono Boost)  
  75  5:16  Probe  
  77  5:25  Phoenix (Chrono Boost)  
  77  5:26  Robotics Facility  
  78  5:29  Twilight Council  
  78  5:32  Phoenix (Chrono Boost)  
  80  5:39  Adept x2  
  76  5:53  Shield Battery  
  75  5:57  Probe  
  75  6:01  Pylon  
  75  6:02  Shield Battery  
  76  6:11  Pylon  
  76  6:13  Void Ray (Chrono Boost), Probe  
  77  6:20  Void Ray (Chrono Boost)  
  85  6:30  Charge (Chrono Boost)  
  85  6:33  Immortal  
  85  6:37  Gateway  
  85  6:38  Zealot  
  85  6:39  Zealot  
  91  6:47  Pylon x2  
  91  6:50  Gateway  
  91  6:51  Gateway  
  89  7:09  Templar Archives  
  89  7:10  Probe x2  
  89  7:17  Observer  
  89  7:22  Probe x2, Nexus  
  92  7:26  Zealot x2  
  94  7:34  Probe x2  
  93  7:39  Gateway  
  93  7:42  Forge  
  93  7:43  Pylon  
  91  7:46  Probe x2  
  91  7:47  Warp Prism (Chrono Boost)  
  91  7:50  High Templar  
  91  7:51  High Templar x3  
  101  7:56  Archon x2  
  103  7:58  Probe x2  
  103  8:04  Zealot  
  107  8:05  Pylon  
  107  8:10  Probe x2  
  107  8:17  Gateway  
  107  8:18  Gateway  
  107  8:22  Probe  
  107  8:23  Probe  
  107  8:24  High Templar  
  107  8:25  High Templar  
  113  8:28  Zealot  
  113  8:29  Archon  
  113  8:31  Zealot  
  117  8:34  Zealot  
  117  8:35  Probe x2  
  117  8:38  Probe  
  108  8:49  Zealot x2  
  108  9:00  Zealot x4  
Show
View Real Time Build Order
Export as new Build Order

Rogue Zerg - Winner!

Build Orders: Hatch First 

Get SALT Encoding   

  12  0:00  Drone  
  13  0:12  Overlord  
  13  0:17  Drone  
  14  0:31  Drone x2  
  16  0:48  Hatchery  
  15  0:51  Drone  
  15  0:55  Drone  
  17  0:58  Drone  
  18  1:09  Extractor  
  17  1:15  Spawning Pool  
  17  1:17  Drone  
  17  1:20  Drone  
  18  1:28  Drone  
  19  1:40  Drone  
  20  1:50  Overlord  
  20  2:01  Queen x2  
  20  2:02  Zergling x4  
  26  2:12  Drone x2  
  26  2:13  Metabolic Boost  
  28  2:22  Drone  
  29  2:23  Drone  
  30  2:33  Drone  
  31  2:38  Hatchery  
  31  2:43  Drone  
  31  2:47  Queen  
  33  2:52  Overlord  
  33  2:56  Drone x2  
  33  2:58  Drone  
  36  3:11  Drone x4  
  36  3:12  Drone  
  41  3:18  Overlord  
  42  3:20  Drone  
  42  3:23  Queen  
  44  3:28  Spore Crawler  
  44  3:29  Drone  
  44  3:38  Drone  
  44  3:39  Drone  
  44  3:41  Overlord x2  
  46  3:51  Drone x3  
  46  3:53  Drone  
  50  3:56  Spore Crawler  
  50  3:59  Drone x3  
  50  4:00  Drone  
  53  4:02  Queen  
  53  4:04  Zergling x2  
  53  4:05  Zergling x4, Spore Crawler  
  57  4:13  Drone x2  
  57  4:15  Roach Warren, Drone x2  
  60  4:20  Drone x2  
  60  4:22  Drone  
  63  4:28  Drone x2  
  65  4:32  Drone  
  65  4:33  Overlord  
  65  4:35  Overlord  
  66  4:39  Extractor x2  
  66  4:43  Extractor  
  64  4:45  Zergling x4  
  64  4:46  Zergling x2, Lair  
  64  4:47  Overlord  
  65  4:54  Drone x4  
  65  4:57  Drone  
  68  5:02  Zergling x8  
  68  5:03  Zergling x2  
  68  5:04  Drone  
  68  5:05  Drone  
  74  5:08  Drone  
  75  5:15  Evolution Chamber  
  75  5:16  Drone x3  
  75  5:17  Extractor, Roach  
  75  5:18  Roach  
  80  5:25  Roach x2  
  80  5:26  Roach  
  86  5:32  Extractor  
  85  5:39  Spore Crawler  
  85  5:40  Spore Crawler x2  
  85  5:41  Drone x8  
  86  5:45  Queen  
  86  5:47  Spore Crawler  
  83  5:50  Glial Reconstitution  
  83  5:52  Drone x5  
  83  5:53  Drone  
  89  5:58  Hydralisk Den  
  89  6:01  Zerg Missile Weapons Level 1  
  89  6:03  Zergling x6  
  89  6:05  Overlord  
  89  6:07  Overlord  
  84  6:11  Overlord  
  84  6:17  Overlord  
  84  6:18  Overlord  
  84  6:24  Overlord  
  84  6:25  Overlord  
  80  6:28  Grooved Spines  
  77  6:33  Hydralisk x2  
  77  6:34  Hydralisk x4  
  77  6:39  Hydralisk  
  90  6:40  Hydralisk  
  90  6:44  Hydralisk  
  91  6:48  Hydralisk  
  91  6:49  Hydralisk  
  93  6:56  Hydralisk x2  
  92  7:06  Hydralisk x2  
  92  7:07  Hydralisk x2  
  98  7:19  Hydralisk  
  98  7:21  Hydralisk x3  
  106  7:27  Hydralisk  
  106  7:29  Overlord  
  104  7:40  Muscular Augments  
  104  7:43  Hydralisk x4  
  100  7:46  Overlord  
  100  7:47  Overlord  
  106  7:53  Hydralisk  
  106  7:54  Hydralisk x3  
  114  8:05  Zergling x2  
  114  8:07  Zergling x10  
  120  8:13  Zergling x10  
  120  8:18  Zergling x6  
  128  8:20  Overlord  
  128  8:23  Zergling x4  
  128  8:26  Overlord  
  130  8:31  Overlord x2  
  130  8:40  Zergling x12  
  136  8:42  Zergling x4  
  136  8:44  Zergling x2  
  136  8:46  Zergling x2  
  136  8:47  Zergling x2  
  137  8:52  Zergling x2  
  137  8:54  Hydralisk x2  
  140  8:58  Zergling x2  
  120  9:03  Zergling x4  
Tags
 
Add a new tag
Caveats
  • Supply blocks, unpowered buildings, or Contaminate may cause inaccurate times.
  • Supply counts are checked every 10 seconds.